 Seeded DCSS version 0.29.1-15-g9cfb28693d (webtiles) character file.

Game seed: 13702346629112536692 (custom seed)

177 Darius099 the Ruffian (level 5, -3/50 HPs)
             Began as a Troll Monk on Mar 7, 2023.
             Slain by UCchamp's ghost (6 damage)
             ... on level 3 of the Dungeon.
             The game lasted 00:06:12 (1745 turns).

Darius099 the Ruffian (Troll Monk)                  Turns: 1745, Time: 00:06:12

Health: -3/50      AC:  4    Str: 18    XL:     5   Next: 30%
Magic:  4/4        EV: 10    Int:  5    God:
Gold:   107        SH:  0    Dex: 18    Spells: 4/4 levels left

rFire   . . .      SeeInvis .     - Unarmed
rCold   . . .      Faith    .   (no shield)
rNeg    . . .      Spirit   .   a - +0 robe
rPois   .          Reflect  .   (helmet restricted)
rElec   .          Harm     .   (no cloak)
rCorr   +          Rampage  .   (gloves unavailable)
Will    .....                   (boots unavailable)
Stlth   ++........              (no amulet)
HPRegen 0.96/turn               g - ring of resist corrosion
MPRegen 0.09/turn               (no ring)

@: attractive
A: large, unfitting armour, claws 3, regeneration 1, shaggy fur 1, tough skin 1,
agile 1, deterioration 1, noise suppression
a: no special abilities


You were on level 3 of the Dungeon.
You visited 1 branch of the dungeon, and saw 3 of its levels.

You collected 107 gold pieces.

Inventory:

Armour
 a - a +0 robe (worn)
Jewellery
 g - a ring of resist corrosion (left claw)
Wands
 q - a wand of flame (16)
Scrolls
 c - a scroll of amnesia {unknown}
 d - 2 scrolls of noise {unknown}
 f - 2 scrolls of teleportation {unknown}
 h - a scroll of torment {unknown}
 k - 2 scrolls of identify {unknown}
 l - a scroll of fog {unknown}
 m - 2 scrolls of fear {unknown}
 r - a scroll of enchant weapon {unknown}
 s - a scroll of silence {unknown}
Potions
 b - 3 potions of ambrosia
 e - a potion of attraction
 i - 3 potions of heal wounds {unknown}
 j - a potion of berserk rage {unknown}
 n - a potion of brilliance {unknown}


   Skills:
 - Level 2.4 Fighting
 - Level 2.4 Dodging
 - Level 1.0 Stealth
 + Level 6.1 Unarmed Combat


You had 4 spell levels left.
You didn't know any spells.
Your spell library contained the following spells:

 Spells                   Type           Power      Damage    Failure   Level
 Scorch                   Fire           0%         2d5       63%         2
 Static Discharge         Conj/Air       0%         3-3/arc   63%         2
 Flame Wave               Conj/Fire      0%         2d4       99%         4
 Lightning Bolt           Conj/Air       0%         1d11      100%        5
 Summon Cactus Giant      Summ           0%         N/A       100%        6
 Maxwell's Capacitive Co  Air            0%         ∞         100%        8


Dungeon Overview and Level Annotations

Branches:
Dungeon (3/15)

Altars:
Sif Muna

Shops:
D:1 !

Annotations:
D:3 UCchamp's ghost, amateur MeFi


Innate Abilities, Weirdness & Mutations

You are too large for most types of armour.
You have claws for hands.
Your natural rate of healing is unusually fast.
You are covered in fur. (AC +1)
You have tough skin. (AC +1)
You are agile. (Dex +4, Str/Int -1)
Your body sometimes deteriorates upon taking damage.
You passively dampen the noise of your surroundings.


Message History

The kobold brigand is heavily wounded.
You feel very sick.
The kobold brigand hits you with a +2 dagger of venom!
You are more poisoned.
You closely miss the kobold brigand.
The kobold brigand is heavily wounded.
You feel very sick.
The kobold brigand hits you with a +2 dagger of venom.
You are lethally poisoned!
You miss the kobold brigand.
The kobold brigand is heavily wounded.
* * * LOW HITPOINT WARNING * * *
You feel very sick. The kobold brigand misses you.
You claw the kobold brigand!
You kill the kobold brigand!
* * * LOW HITPOINT WARNING * * *
You feel very sick.
Your Unarmed Combat skill increases to level 6!
You have reached level 5!
It was a potion of attraction.
You feel attractive to monsters.
* * * LOW HITPOINT WARNING * * *
You feel very sick. UCchamp's ghost barely misses you.
It was a potion of mutation.
You feel extremely strange.
You feel yourself wasting away.
You feel agile.
You feel your surroundings grow quieter.
* * * LOW HITPOINT WARNING * * *
You feel very sick.
UCchamp's ghost hits you but does no damage.
It was a potion of curing.
You feel better. UCchamp's ghost barely misses you.
You claw UCchamp's ghost!
UCchamp's ghost is lightly damaged.
UCchamp's ghost hits you!
* * * LOW HITPOINT WARNING * * *
You closely miss UCchamp's ghost.
UCchamp's ghost is lightly damaged.
UCchamp's ghost hits you.
You die...

##### #...# #####
#######.#.###...#
........#.....#.#
....###.####....# #########
..............###########........
....##''K##..KKW@................
...##...KK#########.######.####.#
.#.#..#.#..#.######.# #.#.....
...#8.#.#.8#.......># #.#.....
##.#..#.#..#.######.# #.#.....
#.##.....#########.######.#..._.
#..##)).##......(.........#.....
###.#### #########.######.#.....
#.# ####.# #.# #..)#.....


You could see UCchamp's ghost and 3 kobolds.

Vanquished Creatures
  A kobold brigand (D:3)
  An orc wizard (D:3)
  3 adders
  2 worms (D:2)
  A dart slug (D:1)
  4 orcs (D:3)
  A bat (D:3)
  7 endoplasms
  2 giant cockroaches (D:1)
  A goblin (D:1)
  4 hobgoblins
  3 jackals (D:1)
  A quokka (D:2)
  4 ball pythons (D:3)
  3 frilled lizards
  5 kobolds
  4 rats
47 creatures vanquished.

Vanquished Creatures (others)
  3 fungi (D:3)
  A plant (D:3)
4 creatures vanquished.

Grand Total: 51 creatures vanquished

Notes
Turn   | Place    | Note
-------+----------+-------------------------------------------
     0 | D:1      | Darius099 the Troll Monk began the quest for the Orb.
     0 | D:1      | Reached XP level 1. HP: 22/22 MP: 0/0
   128 | D:1      | Reached XP level 2. HP: 28/29 MP: 1/1
   190 | D:1      | Found a faded altar of an unknown god.
   190 | D:1      | Noticed an ice devil
   244 | D:1      | Found Ijesse's Distillery.
   351 | D:1      | Reached skill level 4 in Unarmed Combat
   489 | D:2      | Reached XP level 3. HP: 36/36 MP: 2/2
   500 | D:2      | Identified the +4 scale mail of the Tundras {Int+3}
   960 | D:3      | Reached skill level 5 in Unarmed Combat
   960 | D:3      | Reached XP level 4. HP: 40/44 MP: 3/3
  1153 | D:3      | Found a runed translucent gate.
  1153 | D:3      | Found a runed translucent gate.
  1153 | D:3      | Found a runed translucent gate.
  1154 | D:3      | Noticed a kobold brigand
  1155 | D:3      | Noticed UCchamp's ghost (amateur MeFi)
  1526 | D:3      | Found a shimmering blue altar of Sif Muna.
  1740 | D:3      | Killed a kobold brigand
  1741 | D:3      | Reached skill level 6 in Unarmed Combat
  1741 | D:3      | Reached XP level 5. HP: 7/50 MP: 4/4
  1742 | D:3      | Gained mutation: Your body sometimes deteriorates upon
                  | taking damage. [potion of mutation]
  1742 | D:3      | Gained mutation: You are agile. (Dex +4, Str/Int -1)
                  | [potion of mutation]
  1742 | D:3      | Gained mutation: You passively dampen the noise of your
                  | surroundings. [potion of mutation]
  1742 | D:3      | HP: 1/50 [poisoned by a kobold brigand]
  1745 | D:3      | Slain by UCchamp's ghost

Illustrated notes

Levels and vault maps discovered:
D:1:      dpeg_arrival_three_same_balls, layout_rooms, serial_shops,
          nicolae_square_shop, dreamdust_ecumenical_altar_sealed_demon,
          minmay_misc_feat_secret_circle
D:2:      layout_rooms
D:3:      layout_basic, lemuel_tele_altar, gammafunk_ghost_nasty_kobolds

Skill      XL: |  1  2  3  4 |
---------------+-------------+-----
Unarmed Combat | 4 5 6 |  6.1
Fighting       | |  2.4
Dodging        | |  2.4
Stealth        | |  1.0

Action                   |  1- 3 |  4- 6 || total
-------------------------+-------+-------++-------
Melee: Unarmed           |    72 |    37 ||   109
       Punch             |     1 |     1 ||     2
  Use: Potion            |       |     3 ||     3
 Stab: Sleeping          |       |     4 ||     4
Armor: Robe              |    18 |     6 ||    24
Dodge: Dodged            |    40 |     8 ||    48
